 Dungeon Crawl Stone Soup version 0.27-a0-906-g0a00ce863d (webtiles) character file.

Game seed: 5239428816470883203

896 voltaire321 the Ducker (level 8, -5/58 HPs)
             Began as a Djinni Gladiator on Apr 6, 2021.
             Slain by Blork the orc
             ... wielding a +2 flail of holy wrath
              (9 damage)
             ... on level 5 of the Dungeon on Apr 7, 2021.
             The game lasted 00:13:04 (5699 turns).

voltaire321 the Ducker (Djinni Gladiator)           Turns: 5699, Time: 00:13:04

Health: -5/58      AC:  6    Str: 13    XL:     8   Next: 7%
Gold:   232        EV: 11    Int: 10    God:
                   SH:  7    Dex: 17

rFire    + + .     SeeInvis .   l - +2 long sword (drain)
rCold    x . .     Faith    .   x - +0 kite shield
rNeg     . . .     Spirit   .   b - +0 leather armour
rPois    ∞         Reflect  .   c - +0 helmet
rElec    .         Harm     .   y - +0 cloak
rCorr    .         Rampage  .   n - +0 pair of gloves
Will     .....                  (boots unavailable)
Stlth    +.........             (no amulet)
HPRegen  0.19/turn              (no ring)
MPRegen  0.00/turn              (no ring)

@: flying
A: fire resistance 2, cold vulnerability 1, float, innate caster, hp casting,
extra vitality 1
a: no special abilities


You were on level 5 of the Dungeon.
You visited 1 branch of the dungeon, and saw 5 of its levels.
You also visited: Ossuary.

You collected 232 gold pieces.

Inventory:

Hand Weapons
 a - a +0 rapier
 l - a +2 long sword of draining (weapon)
Missiles
 d - 3 throwing nets (quivered)
 m - 5 boomerangs
Armour
 b - a +0 leather armour (worn)
 c - a +0 helmet (worn)
 n - a +0 pair of gloves (worn)
 x - a +0 kite shield (worn)
 y - a +0 cloak (worn)
Jewellery
 s - a ring of fire
Scrolls
 e - a scroll of brand weapon {unknown}
 f - 2 scrolls of teleportation
 h - a scroll of holy word {unknown}
 k - a scroll of fog {unknown}
 q - 2 scrolls of identify
 r - a scroll of silence {unknown}
 t - a scroll of magic mapping {unknown}
 w - 2 scrolls of vulnerability {unknown}
Potions
 g - 3 potions of curing
 i - a potion of magic {unknown}
 j - 2 potions of berserk rage {unknown}
 o - 2 potions of lignification {unknown}
 p - 2 potions of haste {unknown}
 u - a potion of invisibility {unknown}
 v - a potion of heal wounds {unknown}
 z - a potion of flight {unknown}
 A - 2 potions of might {unknown}
 B - a potion of ambrosia {unknown}


   Skills:
 + Level 4.9 Fighting
 - Level 3.9(4.3) Short Blades
 + Level 2.8(3.8) Long Blades
 - Level 1.5 Throwing
 + Level 6.0 Dodging
 * Level 0.0 Shields
 - Level 3.0 Spellcasting


You had 7 spell levels left.
You knew the following spells:

 Your Spells              Type           Power      Damage    Failure   Level
a - Shock                 Conj/Air       28%        1d4       58%         1
b - Call Imp              Summ           7%         N/A       73%         2
c - Portal Projectile     Hex/Tloc       14%        N/A       91%         3
Your spell library was empty.

Dungeon Overview and Level Annotations

Branches:
Dungeon (5/15)             Temple (0/1) D:5         Ossuary (visited)

Altars:
Ashenzari
Kikubaaqudgha

Shops:
D:5 !

Annotations:
D:5 Blork the orc


Innate Abilities, Weirdness & Mutations

You are immune to poison.
Your flesh is very heat resistant. (rF++)
You are vulnerable to cold. (rC-)
You float through the air rather than walking.
You learn spells naturally, not from books.
Your magical power is your life essence.
You have superior vitality. (+4 HP)


Message History

Unknown command.
Setting a skill training target for Shields at 15.0.
You start putting on your armour.
You continue putting on your +0 cloak. x4
You finish putting on your +0 cloak.
You start putting on your armour.
You continue putting on your +0 kite shield. x4
You finish putting on your +0 kite shield.
Found a robe.
Found 8 gold pieces.
Blork the orc comes into view.
He is wielding a +2 flail of holy wrath.
Blork the orc shouts!
Blork the orc casts a spell.
Blork the orc seems to speed up.
You see here 7 gold pieces.
Blork the orc misses you.
You slash Blork the orc!
Blork the orc is moderately wounded.
Blork the orc hits you with a +2 flail of holy wrath.
You block Blork the orc's attack.
You hit Blork the orc but do no damage.
Blork the orc is moderately wounded.
You block Blork the orc's attack. Blork the orc barely misses you.
Blork the orc hits you with a +2 flail of holy wrath.
You hit Blork the orc.
Blork the orc is moderately wounded.
Blork the orc hits you with a +2 flail of holy wrath.
Blork the orc hits you with a +2 flail of holy wrath!
You slash Blork the orc!
Blork the orc is heavily wounded.
Blork the orc completely misses you.
You riposte.
You hit Blork the orc.
Blork the orc is heavily wounded.
Blork the orc hits you with a +2 flail of holy wrath!
You barely miss Blork the orc.
Blork the orc is heavily wounded.
Blork the orc hits you with a +2 flail of holy wrath!
* * * LOW HITPOINT WARNING * * *
Blork the orc hits you with a +2 flail of holy wrath!
* * * LOW HITPOINT WARNING * * *
Blork the orc hits you with a +2 flail of holy wrath!
You die...

##....#≈..#..##
#.....≈≈≈≈≈...# #. #
#.#.#≈≈≈≈≈≈≈#.# .
.##....≈≈≈≈≈≈≈..## .#
o.#....≈≈†.≈≈≈...##.#
#...#.≈≈≈≈≈≈≈≈....).#
#....#≈≈≈≈≈≈≈#.#.######
#.....≈≈≈≈≈..$.o......
......#...#...@#[.###
.###...........##.#..
....###.#.##.##..#.$
###............. #..
####..<......# .
##.....=..# #####
#.........
#(..##########.##.
#......<...# .#


You could see Blork the orc (fast).

Vanquished Creatures
  A water moccasin (D:5)
  A sky beast (D:4)
  A centaur (D:5)
  3 water moccasin zombies (Ossuary)
  3 hounds
  2 centaur skeletons
  An orc priest (D:4)
  A bullfrog skeleton (D:5)
  An iguana (D:4)
  An orc wizard (D:4)
  A killer bee zombie (D:5)
  2 mummies (Ossuary)
  4 adders
  4 adder zombies (Ossuary)
  5 worms
  3 dart slugs
  7 orcs
  3 ball pythons
  2 endoplasms
  6 giant cockroaches
  4 gnoll zombies (Ossuary)
  11 goblins
  5 hobgoblins
  7 jackals
  5 kobolds
  A ball python skeleton (D:2)
  A frilled lizard (D:3)
  A giant cockroach zombie (D:2)
  7 hobgoblin zombies (Ossuary)
  5 kobold zombies (Ossuary)
  4 orc zombies (Ossuary)
  8 rats
111 creatures vanquished.

Vanquished Creatures (collateral kills)
  A kobold zombie (Ossuary)
1 creature vanquished.

Vanquished Creatures (others)
  A withered plant (D:2)
1 creature vanquished.

Grand Total: 113 creatures vanquished

Notes
Turn   | Place    | Note
-------+----------+-------------------------------------------
     0 | D:1      | voltaire321 the Djinni Gladiator began the quest for the
                  | Orb.
     0 | D:1      | Reached XP level 1. HP: 18/18 MP: 0/0
   138 | D:1      | Reached XP level 2. HP: 13/23 MP: 0/0
   872 | D:2      | Reached XP level 3. HP: 27/29 MP: 0/0
   872 | D:2      | Learned a level 1 spell: Shock
  1544 | D:2      | Reached skill level 4 in Dodging
  2510 | D:3      | Reached XP level 4. HP: 24/34 MP: 0/0
  3523 | D:4      | Reached XP level 5. HP: 22/40 MP: 0/0
  3523 | D:4      | Learned a level 2 spell: Call Imp
  3887 | D:4      | Reached skill level 1 in Spellcasting
  4216 | D:4      | Reached XP level 6. HP: 46/46 MP: 0/0
  4506 | D:4      | Found a broken altar of Ashenzari.
  4690 | D:5      | Entered Level 5 of the Dungeon
  4704 | D:5      | Reached skill level 1 in Long Blades
  4704 | D:5      | Reached skill level 5 in Dodging
  4704 | D:5      | Found a staircase to the Ecumenical Temple.
  4704 | D:5      | Found Soumumok's Distillery.
  4723 | D:5      | Found a sand-covered staircase.
  4730 | Ossuary  | Entered an ossuary
  4837 | Ossuary  | Reached XP level 7. HP: 5/52 MP: 0/0
  4837 | Ossuary  | Learned a level 3 spell: Portal Projectile
  5442 | D:4      | Reached skill level 6 in Dodging
  5442 | D:4      | Reached XP level 8. HP: 20/58 MP: 0/0
  5691 | D:5      | Noticed Blork the orc
  5699 | D:5      | Slain by Blork the orc

Illustrated notes

Levels and vault maps discovered:
D:1:      dpeg_arrival_arbitrary_b, layout_rooms,
          corexii_item_surrounded_by_moat
D:2:      layout_basic, serial_undead, serial_undead_e, serial_undead_f,
          serial_undead_a, serial_undead_b, guppyfry_early_orc_mine
D:3:      layout_basic, kennysheep_boxes
D:4:      layout_cave_pools, kennysheep_mini, kennysheep_little_box
D:5:      layout_rooms, elyvilon_altar_4, amcnicky_altar_gilded,
          minmay_temple_entry_butterflies, serial_shops, nicolae_shop_crystal,
          enter_ossuary_1, cheibrodos_sewer_entry_drain, uniq_blork_the_orc

Skill      XL: |  1  2  3  4  5  6  7 |
---------------+----------------------+-----
Short Blades   | 3 |  3.9
Dodging        | 4 5 6 |  6.0
Fighting       | 3 4 |  4.9
Spellcasting   | 1 2 3 |  3.0
Long Blades    | 1 2 |  2.8
Throwing       | |  1.5

Action                   |  1- 3 |  4- 6 |  7- 9 || total
-------------------------+-------+-------+-------++-------
Melee: Rapier            |   150 |   126 |       ||   276
       Long sword        |       |    72 |    96 ||   168
 Cast: Call Imp          |       |     2 |     1 ||     3
  Use: Scroll            |       |     3 |       ||     3
       Potion            |       |       |     2 ||     2
 Stab: Sleeping          |       |     1 |       ||     1
Armor: Leather armour    |    35 |    69 |    37 ||   141
Dodge: Dodged            |    82 |   175 |    77 ||   334
Block: Kite shield       |       |       |     2 ||     2
       Rpst.: Long sword |       |    18 |    29 ||    47

Table legend: (Time is in decaauts)
 A = Elapsed time spent in this place.
 B = Non-inter-level travel time spent in this place.
 C = Inter-level travel time spent in this place.
 D = Time resting spent in this place.
 E = Time spent auto-exploring this place.
 F = Levels seen in this place.
 G = Mean time per level.
                   A        B        C        D        E       F      G
               +--------+--------+--------+--------+--------+-----+--------+
         Total |   5753 |   5690 |     63 |   1612 |   2823 |   6 |  958.8 |
       Dungeon |   5229 |   5166 |     63 |   1337 |   2823 |   5 | 1045.8 |
       Ossuary |    524 |    524 |      0 |    275 |      0 |   1 |  524.0 |
               +--------+--------+--------+--------+--------+-----+--------+

Top non-repeatable levels by time:
     D:2: 1479 daAuts
     D:4: 1441 daAuts
     D:3: 1242 daAuts
     D:1: 759 daAuts
 Ossuary: 524 daAuts
     D:5: 306 daAuts
